 Dungeon Crawl Stone Soup version 0.31-a0-524-g2a164cf6a2 (webtiles) character file.

Game seed: 12031328072052854600

73581 Conn the Thaumaturge (level 15, -8/118 HPs)
             Began as a White Draconian Fire Elementalist on Aug 12, 2023.
             Was an Initiate of Gozag.
             Killed from afar by an orc sorcerer (17 damage)
             ... with a bolt of fire
             ... led by Saint Roka
             ... on level 2 of the Orcish Mines.
             The game lasted 01:50:57 (25817 turns).

Conn the Thaumaturge (DrFE)                        Turns: 25817, Time: 01:51:14

Health: -8/118     AC: 17    Str:  4    XL:     15   Next: 4%
Magic:  32/32      EV: 15    Int: 30    God:    Gozag
Gold:   3896       SH:  0    Dex: 14    Spells: 7/40 levels left

rFire   . . .        C - +7 scimitar "Rymm" {distort, rC- rN+++ Str-5 Int+4}
rCold   . . .        (no shield)
rNeg    + + +        (body armour unavailable)
rPois   +            d - +2 hat {Will+}
rElec   .            y - +2 cloak {Stlth+}
rCorr   +            c - +2 pair of gloves
SInv    .            (no boots)
Will    ++...        K - amulet of the acrobat
Stlth   +++++        m - +4 ring of slaying
HPRegen 0.39/turn    B - ring of resist corrosion
MPRegen 0.23/turn

%: acrobat
@: gold aura
A: breathe frost, AC +9, unfitting armour, cold resistance 1, cold-blooded, thin
skeletal structure 1, clever 1, poison resistance, subdued magic 1
a: Breathe Frost, Renounce Religion, Potion Petition, Call Merchant, Bribe
Branch


You were on level 2 of the Orcish Mines.
You worshipped Gozag.
Gozag was most pleased with you.
You visited 3 branches of the dungeon, and saw 19 of its levels.
You also visited: Gauntlet.

You collected 7293 gold pieces.
You spent 903 gold pieces at shops.
You paid 2494 gold pieces to Gozag.

Inventory:

Hand Weapons
 b - a +7 spectral great sword
 C - the +7 scimitar "Rymm" (weapon) {distort, rC- rN+++ Str-5 Int+4}
   (You bought it in a shop on level 7 of the Dungeon)

   Str-5:     It affects your strength (-5).
   Int+4:     It affects your intelligence (+4).
   rC-:       It makes you vulnerable to cold.
   rN+++:     It renders you almost immune to negative energy.
 G - the +4 rapier "Icoren" {vamp, rF++}
   (You found it on level 7 of the Dungeon)

   rF++:      It greatly protects you from fire.
Missiles
 l - 6 throwing nets
 r - a curare-tipped dart
Armour
 c - a +2 pair of gloves (worn)
 d - a +2 hat of willpower (worn)
 h - the +1 pair of gloves of Cloud Cover {rPois rC+ Int-3}
   (You found it in a Gauntlet)

   Int-3:     It affects your intelligence (-3).
   rC+:       It protects you from cold.
   rPois:     It protects you from poison
 y - a +2 cloak of stealth (worn)
 I - a +1 cloak
Magical Staves
 a - a staff of fire
 i - a staff of earth
Jewellery
 e - a +4 ring of protection
 m - a +4 ring of slaying (left hand)
 n - a ring of wizardry
 o - the ring of Upsur {rPois SInv}
   (You found it in a Gauntlet)

   [ring of see invisible]

   rPois:     It protects you from poison SInv: It lets you see invisible.
 q - a ring of wizardry
 z - a ring of ice
 B - a ring of resist corrosion (right hand)
 K - an amulet of the acrobat (around neck)
 M - a ring of positive energy
Wands
 p - a wand of flame (27)
 w - a wand of polymorph (8)
 x - a wand of roots (17)
Scrolls
 j - 2 scrolls of immolation
 k - 2 scrolls of amnesia
 s - 3 scrolls of identify
 u - a scroll of fog
 v - a scroll of poison
 E - 5 scrolls of teleportation
 F - 4 scrolls of revelation
 H - a scroll of brand weapon
Potions
 f - 3 potions of curing
 g - 2 potions of resistance
 t - 5 potions of brilliance
 A - a potion of attraction
 D - a potion of haste
 J - 5 potions of mutation
 L - a potion of ambrosia {unknown}
 N - a potion of berserk rage
 O - a potion of lignification


   Skills:
 + Level 7.3 Fighting
 - Level 4.0(4.5) Short Blades
 - Level 3.1(4.0) Long Blades
 + Level 3.7 Staves
 + Level 0.8 Throwing
 + Level 8.0 Dodging
 - Level 7.0 Stealth
 + Level 13.1 Spellcasting
 + Level 10.7 Conjurations
 + Level 1.6 Hexes
 + Level 0.7 Summonings
 + Level 0.8 Translocations
 * Level 11.2 Fire Magic
 + Level 5.1 Ice Magic
 + Level 5.6 Air Magic
 + Level 2.0 Poison Magic
 + Level 0.5 Evocations


You had 7 spell levels left.
You knew the following spells:

 Your Spells              Type           Power      Damage    Failure   Level
a - Foxfire               Conj/Fire      100%       2x1d9     0%          1
b - Scorch                Fire           100%       2d9       1%          2
c - Inner Flame           Hex/Fire       45%        N/A       1%          3
d - Flame Wave            Conj/Fire      60%        2d14      1%          4
e - Mephitic Cloud        Conj/Pois/Air  43%        N/A       1%          3
f - Starburst             Conj/Fire      30%        6d9       3%          6
g - Blink                 Tloc           38%        N/A       1%          2
h - Summon Lightning Spi  Summ/Air       30%        N/A       5%          4
i - Fireball              Conj/Fire      30%        3d13      1%          5
j - Hailstorm             Conj/Ice       51%        3d11      1%          3

Your spell library contained the following spells:

 Spells                   Type           Power      Damage    Failure   Level
 Magic Dart               Conj           100%       1d8       0%          1
 Freeze                   Ice            100%       1d10      1%          1
 Sting                    Tmut/Pois      76%        1d6       1%          1
 Poisonous Vapours        Pois/Air       64%        N/A       1%          2
 Searing Ray              Conj           100%       2d8       1%          2
 Dazzling Flash           Conj/Hex       86%        N/A       1%          3
 Frozen Ramparts          Ice            78%        1d12      1%          3
 Ignite Poison            Fire/Tmut/Pois 35%        N/A       1%          3
 Volatile Blastmotes      Fire/Tloc      86%        2d17      1%          3
 Fulminant Prism          Conj/Hex       21%        3d12      1%          4
 Sticky Flame             Conj/Fire      60%        2d8       1%          4
 Sublimation of Blood     Necr           15%        N/A       2%          2
 Wereblood                Tmut           15%        N/A       2%          2
 Freezing Cloud           Conj/Ice/Air   24%        6-21      2%          5
 Summon Ice Beast         Ice/Summ       28%        N/A       6%          4
 Olgreb's Toxic Radiance  Pois           24%        N/A       9%          4
 Cause Fear               Hex            11%        N/A       11%         4
 Anguish                  Hex/Necr       9%         N/A       16%         4
 Manifold Assault         Tloc           19%        N/A       16%         4
 Summon Mana Viper        Hex/Summ       20%        N/A       36%         5
 Yara's Violent Unravell  Hex/Tmut       9%         3d6       41%         5
 Agony                    Necr           15%        N/A       52%         5
 Borgnjor's Vile Clutch   Necr/Erth      7%         N/A       52%         5
 Lee's Rapid Deconstruct  Erth           7%         3d7*      52%         5
 Summon Cactus Giant      Summ           9%         N/A       95%         6
 Death Channel            Necr           7%         N/A       98%         6
 Haunt                    Necr/Summ      8%         N/A       100%        7
 Summon Hydra             Summ           9%         N/A       100%        7
 Ignition                 Fire           30%        3d10      82%         8
 Infestation              Necr           7%         N/A       100%        8
 Maxwell's Capacitive Co  Air            20%        ∞         100%        8
 Chain Lightning          Conj/Air       26%        3d34      100%        9
 Dragon's Call            Summ           9%         N/A       100%        9
 Fire Storm               Conj/Fire      30%        8d8       100%        9
 Shatter                  Erth           7%         3d10*     100%        9
 Animate Armour           Summ/Erth      Unusable   N/A       N/A         4
 Animate Dead             Necr           Unusable   N/A       N/A         4

Dungeon Overview and Level Annotations

Branches:
Dungeon (12/15)            Temple (0/1) D:5            Lair (5/5) D:10
 Shoals (0/4) Lair:3        Snake (0/4) Lair:2        Slime (0/5) Lair:5
    Orc (2/2) D:11        Gauntlet (visited)
    Elf: Orc:2

Altars:
Cheibriados
Dithmenos
Gozag
Hepliaklqana
Makhleb
Nemelex Xobeh
Okawaru
Uskayaw
Vehumet
Xom
Jiyva
Lugonu

Shops:
D:5 *   D:7 !:[*(   D:11 :([   Orc:1 **

Portals:
Abyss: Lair:5

Annotations:
D:2 Natasha
Orc:2 Saint Roka


Innate Abilities, Weirdness & Mutations

You can breathe waves of freezing cold which knock back foes.
Your icy white scales are hard. (AC +9)
You cannot fit into any form of body armour.
Your flesh is cold resistant. (rC+)
You are cold-blooded and may be slowed by cold attacks.
You have a somewhat thin skeletal structure. (Dex +2, Stealth+)
Your mind is acute. (Int +4, Str/Dex -1)
Your system is resistant to poisons. (rPois)
Your spells are a little easier to cast, but a little less powerful.


Message History

Unknown command.
You slash the warg!
Space warps around the warg.
You kill the warg!
The orc warrior closely misses you. x2
Unknown command.
You hit the orc warrior.
Space warps around the orc warrior.
The orc warrior is moderately wounded.
The orc warrior unwields a +0 hand axe.
The orc warrior wields a +0 orcbow.
The orc warrior shoots an arrow.
The arrow hits you!
The orc wizard mumbles some strange words.
The orc wizard flickers and vanishes!
Deactivating autopickup; reactivate with Ctrl-A.
The orc warrior hits you with a +0 short sword.
The orc warrior throws a boomerang.
The boomerang hits you but does no damage.
You hear a shout!
You hear a shout!
The orc warrior completely misses you. x2
There is a fountain of clear blue water here.
You see here 16 gold pieces.
Unknown command.
You hit the orc sorcerer.
You tail-slap the orc sorcerer, but do no damage.
The orc sorcerer is lightly wounded.
The orc sorcerer blinks!
The orc warrior hits you with a +0 mace!
* * * LOW HITPOINT WARNING * * *
The orc warrior hits you with a +0 short sword!
* * * LOW HITPOINT WARNING * * *
The orc warrior throws a boomerang.
The boomerang hits you.
* * * LOW HITPOINT WARNING * * *
The orc is distracted by your dazzling golden aura.
The orc warrior shoots an arrow.
The arrow hits you.
* * * LOW HITPOINT WARNING * * *
The orc warrior throws a boomerang.
The boomerang hits you!
* * * LOW HITPOINT WARNING * * *
The orc sorcerer gestures at you while chanting.
The bolt of fire hits you!
You die...
Your body crumbles into a pile of gold.

....# #...# .. #...#
. #.#.. ##..## ..
#.#. .#...# .o $ #..
.....# ##.#####.#
.....### ..oo....#
......8# #.§...# ##
)......+ #..@o.# ..
......8#
#..o$.####.#
.....###
#..........# ...^.#
##.#####.#### .....#
.o. $ #....+ .....#
$ ###. #....#
.....## ###
#.##+##..).####
#.....#
#.###.............#
.)....#
###..###.###+#####.#


You could see an orc sorcerer (strong), 4 orc warriors and an orc (strong,
unaware).

Vanquished Creatures
  Kirke (Lair:4)
  A broodmother (shapeshifter) (Lair:5)
  A minotaur (Gauntlet)
  A hydra (Lair:5)
  A catoblepas (Lair:4)
  2 boulder beetles
  The ghost of Omnilove the Unseen, a journeyman SpHu of Hepliaklqana (D:12)
  8 two-headed ogres
  8 death yaks
  2 thrashing horrors (Lair:5)
  Nergalle (D:10)
  A wretched star (Gauntlet)
  Amaemon (Lair:2)
  The ghost of blacky4 the Covert, a novice KoEn of Uskayaw (D:8)
  2 skysharks
  A lindwurm (Lair:5)
  A necromancer (Gauntlet)
  3 ugly things (Lair:5)
  A cyclops (D:12)
  6 black mambas
  30 elephants
  Joseph (Lair:1)
  An orange demon (Lair:2)
  11 cane toads
  2 smoke demons (Lair:5)
  A gargoyle (D:10)
  3 rime drakes
  An unseen horror (D:11)
  3 kobold demonologists
  12 komodo dragons
  3 polar bears
  A queen bee (Gauntlet)
  3 hornets
  A troll (D:12)
  A raiju (Lair:5)
  11 dream sheep
  39 blink frogs
  9 slime creatures
  Sigmund (D:2)
  2 shadows
  2 large abominations (Lair:5)
  2 hogs (Lair:4)
  6 wyverns
  A vampire (D:11)
  3 ynoxinuls
  A neqoxec (Gauntlet)
  25 yaks
  A chaos spawn (Lair:5)
  5 basilisks
  A steam dragon (D:8)
  4 vampire mosquitoes (D:12)
  A warg (Orc:2)
  3 nagas (Lair:2)
  The ghost of AdnanSaban the Covered, an amateur GrFi of Okawaru (D:4)
  10 water moccasins
  2 acid dragons
  11 orc warriors
  A sky beast (D:6)
  4 black bears
  2 ice beasts
  6 centaurs
  7 ogres
  13 wolves
  2 phantoms
  5 kobold brigands
  10 bullfrogs
  4 scorpions
  3 gnoll sergeants
  6 wights (D:6)
  12 small abominations
  6 killer bees
  2 electric eels
  2 gnoll boudas
  5 hounds
  13 jellies
  5 orc priests
  A sleepcap (D:7)
  Natasha (twice) (D:2)
  7 hell rats (Lair:5)
  3 iguanas
  6 orc wizards
  15 adders
  23 gnolls
  2 river rats (D:4)
  A shadow imp (D:6)
  A white imp (D:6)
  An ufetubus (D:7)
  5 worms
  3 dart slugs
  65 orcs
  6 ball pythons
  2 bats
  19 endoplasms
  5 giant cockroaches
  13 goblins
  3 hobgoblins
  15 jackals
  9 quokkas
  2 frilled lizards
  15 kobolds
  4 rats
595 creatures vanquished.

Vanquished Creatures (collateral kills)
  A neqoxec (Gauntlet)
  2 foxfires
3 creatures vanquished.

Vanquished Creatures (others)
  2 humans (Lair:4)
  A centaur (D:12)
  842 foxfires
  2 spectral weapons (Lair:5)
847 creatures vanquished.

Grand Total: 1445 creatures vanquished

Notes
Turn   | Place    | Note
-------+----------+-------------------------------------------
     0 | D:1      | Conn the Draconian Fire Elementalist began the quest for
                  | the Orb.
     0 | D:1      | Reached XP level 1. HP: 14/14 MP: 3/3
   259 | D:1      | Reached XP level 2. HP: 20/20 MP: 1/5
   780 | D:1      | Reached XP level 3. HP: 24/26 MP: 6/6
   839 | D:1      | Learned a level 2 spell: Scorch
   843 | D:1      | Learned a level 3 spell: Inner Flame
  1445 | D:2      | Noticed Natasha
  1453 | D:2      | Killed Natasha
  1507 | D:2      | Noticed Sigmund
  1522 | D:2      | Killed Sigmund
  1523 | D:2      | Reached skill level 1 in Fighting
  1523 | D:2      | Reached skill level 1 in Staves
  1523 | D:2      | Reached skill level 3 in Spellcasting
  1523 | D:2      | Reached XP level 4. HP: 13/35 MP: 4/8
  1523 | D:2      | Reached XP level 5. HP: 15/40 MP: 4/9
  1693 | D:2      | Found an opulent altar of Gozag.
  1698 | D:2      | Became a worshipper of Gozag Ym Sagoz the Greedy
  1881 | D:2      | Noticed Natasha
  1957 | D:2      | Killed Natasha
  1958 | D:2      | Reached XP level 6. HP: 40/47 MP: 0/11
  2317 | D:2      | Noticed Natasha
  2417 | D:2      | Learned a level 4 spell: Flame Wave
  2626 | D:3      | Found an iron altar of Okawaru.
  3469 | D:4      | Found a runed translucent door.
  3473 | D:4      | Noticed AdnanSaban's ghost (amateur GrFi)
  3490 | D:4      | Killed AdnanSaban's ghost
  3491 | D:4      | Reached skill level 4 in Spellcasting
  3491 | D:4      | Your scales start taking on an icy white colour.
  3491 | D:4      | Reached XP level 7. HP: 46/52 MP: 0/13
  3491 | D:4      | Gained mutation: Your flesh is cold resistant. (rC+) [White
                  | Draconian growth]
  3603 | D:4      | Found a runed translucent door.
  3626 | D:4      | Learned a level 3 spell: Mephitic Cloud
  3782 | D:4      | You fall into a shaft and drop 2 floors!
  3792 | D:5      | Entered Level 5 of the Dungeon
  4459 | D:4      | Found a hide-covered altar of Uskayaw.
  4814 | D:4      | Reached XP level 8. HP: 49/59 MP: 2/15
  5055 | D:5      | Reached skill level 5 in Fire Magic
  5199 | D:5      | Found a burning altar of Makhleb.
  5240 | D:5      | Found a shimmering altar of Xom.
  5243 | D:5      | Found a snail-covered altar of Cheibriados.
  5243 | D:5      | Found a burning altar of Makhleb.
  5245 | D:5      | Found a sparkling altar of Nemelex Xobeh.
  5245 | D:5      | Found a radiant altar of Vehumet.
  5245 | D:5      | Found a hazy altar of Hepliaklqana.
  5421 | D:5      | Noticed a green death
  5424 | D:5      | Noticed an orange demon
  5505 | D:5      | Found a staircase to the Ecumenical Temple.
  5593 | D:5      | Reached skill level 5 in Spellcasting
  5863 | D:5      | Bought a purple potion for 24 gold pieces
  5863 | D:5      | Bought a scroll labelled JAS JIKACUISK for 27 gold pieces
  5863 | D:5      | Bought a scroll labelled FUKHLE ZE ZAAQ for 27 gold pieces
  5873 | D:5      | Gained mutation: You have hidden genetic potential. [potion
                  | of mutation]
  5873 | D:5      | Gained mutation: Your mind is acute. (Int +4, Str/Dex -1)
                  | [potion of mutation]
  6409 | D:6      | Reached skill level 6 in Spellcasting
  6449 | D:6      | Reached XP level 9. HP: 34/64 MP: 1/18
  7089 | D:6      | Gained mutation: You have a somewhat thin skeletal
                  | structure. (Dex +2, Stealth+) [hidden potential]
  7213 | D:6      | Reached skill level 5 in Conjurations
  7509 | D:7      | Reached skill level 1 in Long Blades
  7757 | D:7      | Reached skill level 7 in Spellcasting
  7765 | D:7      | Reached skill level 1 in Hexes
  8064 | D:7      | Found Voypayp's Distillery.
  8065 | D:7      | Found Marphikibb's Book Shop.
  8066 | D:7      | Found Vuf Ocuh's Armour Shoppe.
  8076 | D:7      | Bought a potion of heal wounds for 65 gold pieces
  8076 | D:7      | Bought a potion of curing for 39 gold pieces
  8077 | D:7      | Found Qylagif's General Store.
  8080 | D:7      | Found Sajeturi's Antique Weapon Emporium.
  8093 | D:7      | Bought a crystal scimitar for 234 gold pieces
  8093 | D:7      | Identified the +7 scimitar "Rymm" {distort, rC- rN+++ Str-5
                  | Int+4} (You bought it in a shop on level 7 of the Dungeon)
  8298 | D:7      | Found a radiant altar of Vehumet.
  8302 | D:7      | Identified the +4 rapier "Icoren" {vamp, rF++}
  8360 | D:7      | Paralysed by a hornet for 3 turns
  8364 | D:7      | Reached XP level 10. HP: 44/73 MP: 21/21
  8764 | D:7      | Reached skill level 1 in Short Blades
  8782 | D:7      | Gained mutation: Your system is resistant to poisons.
                  | (rPois) [hidden potential]
  8782 | D:7      | Lost mutation: You have hidden genetic potential. [hidden
                  | potential expressed]
  9237 | D:8      | Noticed a two-headed ogre
  9246 | D:8      | Killed a two-headed ogre
  9297 | D:8      | Found a runed translucent door.
  9297 | D:8      | Noticed blacky4's ghost (novice KoEn)
  9317 | D:8      | Found a shadowy altar of Dithmenos.
 10171 | D:8      | Reached skill level 8 in Spellcasting
 10596 | D:8      | Killed blacky4's ghost
 10616 | D:8      | Learned a level 6 spell: Starburst
 10796 | D:9      | Noticed a two-headed ogre
 11415 | D:9      | Killed a two-headed ogre
 11416 | D:9      | Reached XP level 11. HP: 82/82 MP: 15/23
 11514 | D:9      | Noticed a two-headed ogre
 11520 | D:9      | Killed a two-headed ogre
 11834 | D:10     | Entered Level 10 of the Dungeon
 12076 | D:10     | Noticed Nergalle
 12086 | D:10     | Noticed a spectral orc warlord
 12100 | D:11     | Found Ehaxusenn's Weapon Boutique.
 12100 | D:11     | Found a staircase to the Orcish Mines.
 12100 | D:11     | Found Qiuthrom's Armour Boutique.
 12286 | D:10     | Killed Nergalle
 12563 | D:10     | Learned a level 2 spell: Blink
 12664 | D:10     | Reached skill level 9 in Spellcasting
 13001 | D:10     | Found a sparkling altar of Nemelex Xobeh.
 13068 | D:10     | Found a staircase to the Lair.
 13444 | D:11     | Bought a +2 pair of gloves for 214 gold pieces
 13444 | D:11     | Bought a +2 hat of willpower for 273 gold pieces
 13562 | D:11     | Found Rilai's Book Shop.
 13574 | D:11     | Learned a level 4 spell: Summon Lightning Spire
 14247 | D:12     | Noticed a boulder beetle
 14247 | D:12     | Noticed a two-headed ogre
 14256 | D:12     | Killed a boulder beetle
 14257 | D:12     | Reached skill level 1 in Air Magic
 14261 | D:12     | Killed a two-headed ogre
 14449 | D:12     | Found a runed translucent door.
 14449 | D:12     | Noticed Omnilove's ghost (journeyman SpHu)
 15287 | D:12     | Reached skill level 10 in Spellcasting
 15287 | D:12     | Reached XP level 12. HP: 59/91 MP: 12/26
 15328 | D:12     | Reached skill level 5 in Stealth
 15592 | D:12     | Noticed a two-headed ogre
 15598 | D:12     | Killed a two-headed ogre
 15731 | D:12     | Learned a level 5 spell: Fireball
 15738 | D:12     | Killed Omnilove's ghost
 15915 | Lair:1   | Entered Level 1 of the Lair of Beasts
 15935 | Lair:1   | Noticed a death yak
 15935 | Lair:1   | Noticed a death yak
 15935 | Lair:1   | Noticed a death yak
 15945 | Lair:1   | Killed a death yak
 15959 | Lair:1   | Killed a death yak
 16022 | Lair:1   | Killed a death yak
 16179 | Lair:1   | Reached skill level 5 in Dodging
 16187 | Lair:1   | Noticed a boulder beetle
 16227 | Lair:1   | Killed a boulder beetle
 16270 | Lair:1   | Reached skill level 5 in Fighting
 16270 | Lair:1   | Reached skill level 5 in Air Magic
 16289 | Lair:1   | Noticed Joseph
 16301 | Lair:1   | Killed Joseph
 16320 | Lair:1   | HP: 2/94 [black mamba (3)]
 16363 | Lair:1   | Found a gate leading to a gauntlet.
 16371 | Gauntlet | Entered a Gauntlet
 16371 | Gauntlet | Found a transporter.
 16371 | Gauntlet | Found a transporter.
 16572 | Gauntlet | Found a transporter.
 16587 | Gauntlet | Found a transporter.
 16602 | Gauntlet | Found a transporter.
 16616 | Gauntlet | Found a transporter.
 16632 | Gauntlet | Found a transporter.
 16700 | Gauntlet | Found a transporter.
 16715 | Gauntlet | Found a transporter.
 16729 | Gauntlet | Found a transporter.
 16742 | Gauntlet | Found a transporter.
 16759 | Gauntlet | Found a transporter.
 16826 | Gauntlet | Found a transporter.
 16836 | Gauntlet | Found a transporter.
 16844 | Gauntlet | Found a transporter.
 16880 | Gauntlet | Found a transporter.
 16990 | Gauntlet | Identified the +1 pair of gloves of Cloud Cover {rPois rC+
                  | Int-3}
 17068 | Gauntlet | Identified the ring of Upsur {rPois SInv}
 17211 | Gauntlet | Gained mutation: Your spells are a little easier to cast,
                  | but a little less powerful. [a neqoxec]
 17355 | Gauntlet | Noticed a minotaur
 17371 | Gauntlet | Killed a minotaur
 17516 | Gauntlet | Got the Vellum of the Unified Graveyard
 17679 | Lair:1   | Reached XP level 13. HP: 90/100 MP: 15/27
 17738 | Lair:1   | Found a shadowy altar of Dithmenos.
 18261 | Lair:2   | Noticed Amaemon
 18275 | Lair:2   | Killed Amaemon
 18475 | Lair:2   | Reached skill level 11 in Spellcasting
 19106 | Lair:2   | Found a staircase to the Snake Pit.
 19300 | Lair:2   | Reached skill level 10 in Fire Magic
 19799 | Lair:2   | Identified a scroll of acquirement
 19800 | Lair:2   | Acquired 763 gold pieces
 20780 | Lair:3   | Found a staircase to the Shoals.
 20970 | Lair:4   | Noticed Kirke
 21022 | Lair:4   | Killed Kirke
 21023 | Lair:4   | Reached skill level 12 in Spellcasting
 21240 | Lair:4   | Reached XP level 14. HP: 104/111 MP: 7/30
 21411 | Lair:4   | Got Sif Muna's Tractate on Alteration and Convocation
 21417 | Lair:4   | Learned a level 3 spell: Hailstorm
 22043 | Lair:5   | Entered Level 5 of the Lair of Beasts
 22048 | Lair:5   | Reached skill level 10 in Conjurations
 22119 | Lair:5   | Reached skill level 1 in Ice Magic
 22119 | Lair:5   | Reached skill level 1 in Poison Magic
 22137 | Lair:5   | Noticed a broodmother
 22160 | Lair:5   | Killed a broodmother
 22894 | Lair:5   | Found a staircase to the Slime Pits.
 22906 | Lair:5   | Found a viscous altar of Jiyva.
 23040 | Lair:4   | Reached skill level 5 in Ice Magic
 23737 | Lair:5   | Found a corrupted altar of Lugonu.
 24111 | Lair:5   | Reached skill level 13 in Spellcasting
 24422 | Lair:5   | Found a one-way gate to the infinite horrors of the Abyss.
 24637 | Lair:5   | Identified the +5 whip "Osyitops" {freeze, +Blink Dex+2}
 25071 | Orc:1    | Entered Level 1 of the Orcish Mines
 25177 | Orc:1    | Found Pouditoc's General Store.
 25181 | Orc:1    | Found Utsoo's Specific Store.
 25310 | Orc:2    | Entered Level 2 of the Orcish Mines
 25537 | Orc:2    | Reached XP level 15. HP: 118/118 MP: 0/32
 25810 | Orc:2    | Noticed Saint Roka
 25817 | Orc:2    | Killed from afar by an orc sorcerer

Illustrated notes

Levels and vault maps discovered:
D:1:      kilobyte_arrival_exit_the_forest, layout_basic
D:2:      layout_rooms, basic_altar, kennysheep_another_room, uniq_sigmund,
          uniq_natasha
D:3:      layout_loops_ring, okawaru_ov_weapons_minmay, st_stairs_11,
          minmay_between
D:4:      layout_basic, nicolae_uskayaw_suspiria, ebering_ghost_sewer_f
D:5:      layout_cave_pools, doesnt_xom_only_xom, makhleb_altar_promises_db,
          minmay_temple_entry_fiery
D:6:      layout_gridville
D:7:      cheibrodos_fertilizer, layout_basic, mainiacjoe_overflow_alcove_1,
          nicolae_shop_national_dungeon_mall, grunt_decor_mini_mirrors
D:8:      lemuel_slime, layout_basic, mainiacjoe_overflow_cross_hatched,
          hellmonk_ghost_big_iron, kennysheep_nondescript
D:9:      layout_rooms
D:10:     layout_cave_pods, nemelex_spade_bored_becter, dpeg_oklobed_lair,
          uniq_nergalle
D:11:     layout_rooms, orc_david_3, serial_shops, shop,
          minmay_gold_behind_fungi, nzn_life_drinkers
D:12:     layout_loops_corners, gammafunk_ghost_grave
Lair:1:   layout_regular_city, gauntlet_entry_generic, basic_altar,
          grunt_forest_stairs_basic, chequers_serial_rivers_large_b, uniq_joseph
Lair:2:   layout_loops_ring, guppyfry_snake_entry_island,
          chequers_serial_rivers_room_a, serial_bayou_crossing,
          serial_bayou_shore_a, lemuel_fruit_fields, uniq_amaemon
Lair:3:   layout_cave_pods, shoals_dummy_entry
Lair:4:   layout_small_grid, uniq_kirke
Lair:5:   hellmonk_lair_end_abyssal_woods, layout_loops_ring, slime_entry_1,
          grunt_megastairs_4
Orc:1:    layout_caves, nicolae_specific_store, statue_in_the_mist_lemuel
Orc:2:    pubby_orc_utopia, uniq_saint_roka

Skill      XL: |  1  2  3  4  5  6  7  8  9 10 11 12 13 14 15 |
---------------+----------------------------------------------+-----
Dodging        | 2 3 4 5 6 7 8 |  8.0
Fighting       | 1 2 3 4 5 6 7 |  7.3
Staves         | 1 2 3 |  3.7
Stealth        | 2 3 4 5 6 7 |  7.0
Spellcasting   | 3 4 6 7 8 10 12 13 | 13.1
Conjurations   | 2 3 4 6 7 8 9 10 | 10.7
Fire Magic     | 4 3 4 6 7 8 9 10 11 | 11.2
Long Blades    | 2 3 |  3.1
Hexes          | 1 |  1.6
Short Blades   | 3 4 |  4.0
Air Magic      | 2 5 |  5.6
Ice Magic      | 5 |  5.1
Poison Magic   | 2 |  2.0
Throwing       | |  0.8
Summonings     | |  0.7
Translocations | |  0.8
Evocations     | |  0.5

Action                     |  1- 3 |  4- 6 |  7- 9 | 10-12 | 13-15 || total
---------------------------+-------+-------+-------+-------+-------++-------
  Melee: Dagger            |     8 |       |       |       |       ||     8
         Unarmed           |     1 |       |       |       |       ||     1
         Staff             |    42 |    57 |    45 |       |    70 ||   214
         Tailslap          |     5 |     5 |    11 |    30 |    75 ||   126
         Punch             |       |     2 |     1 |     6 |     4 ||    13
         Great sword       |       |       |    30 |     8 |   201 ||   239
         Rapier            |       |       |     1 |   198 |    44 ||   243
         Scimitar          |       |       |       |       |    32 ||    32
  Throw: Dart              |       |       |       |     2 |     2 ||     4
   Cast: Foxfire           |    40 |    45 |   158 |   120 |   119 ||   482
         Scorch            |     3 |    26 |    66 |    77 |    58 ||   230
         Flame Wave        |       |     1 |     1 |    39 |    37 ||    78
         Inner Flame       |       |     1 |     5 |     9 |     3 ||    18
         Mephitic Cloud    |       |       |     1 |    12 |    13 ||    26
         Starburst         |       |       |       |    22 |    36 ||    58
         Blink             |       |       |       |     5 |     3 ||     8
         Summon Lightning  |       |       |       |     2 |     2 ||     4
         Fireball          |       |       |       |       |     5 ||     5
         Hailstorm         |       |       |       |       |     3 ||     3
 Invoke: Call Merchant     |       |       |     1 |       |       ||     1
         Potion Petition   |       |       |       |     1 |     4 ||     5
Ability: Breathe Frost     |       |       |    15 |    17 |     7 ||    39
  Evoke: Wand              |       |       |     1 |    10 |       ||    11
    Use: Potion            |     1 |       |     5 |    11 |     7 ||    24
         Scroll            |       |       |    13 |    12 |    10 ||    35
   Stab: Sleeping          |       |     1 |     6 |     9 |     8 ||    24
         Distracted        |       |       |       |     2 |     5 ||     7
         Confused          |       |       |       |     2 |     1 ||     3
 Armour: Skin              |    16 |    17 |    19 |   144 |   221 ||   417
  Dodge: Dodged            |    32 |    26 |    60 |   216 |   529 ||   863

Table legend: (Time is in decaauts)
 A = Elapsed time spent in this place.
 B = Non-inter-level travel time spent in this place.
 C = Inter-level travel time spent in this place.
 D = Time resting spent in this place.
 E = Time spent auto-exploring this place.
 F = Levels seen in this place.
 G = Mean time per level.
                   A        B        C        D        E       F      G
               +--------+--------+--------+--------+--------+-----+--------+
         Total |  25995 |  25412 |    583 |   1964 |  15998 |  20 | 1299.8 |
       Dungeon |  16079 |  15651 |    428 |    571 |  11316 |  12 | 1339.9 |
          Lair |   7934 |   7780 |    154 |   1009 |   4084 |   5 | 1586.8 |
  Orcish Mines |    751 |    751 |      0 |      0 |    184 |   2 |  375.5 |
      Gauntlet |   1231 |   1231 |      0 |    384 |    414 |   1 | 1231.0 |
               +--------+--------+--------+--------+--------+-----+--------+

Top non-repeatable levels by time:
  Lair:5: 2619 daAuts
     D:7: 1928 daAuts
    D:12: 1799 daAuts
     D:8: 1758 daAuts
     D:1: 1561 daAuts
     D:4: 1560 daAuts
  Lair:1: 1487 daAuts
  Lair:4: 1412 daAuts
    D:10: 1410 daAuts
     D:6: 1369 daAuts
Gauntlet: 1231 daAuts
  Lair:3: 1211 daAuts
  Lair:2: 1202 daAuts
     D:9: 1047 daAuts
     D:3: 981 daAuts
